 Dungeon Crawl Stone Soup version 0.29.1-12-g30fa7ad0bf (webtiles) character file.

Game seed: 17151187621213805682

303 BigDaddyOpFi the Conjurer (level 6, -7/36 HPs)
             Began as an Octopode Conjurer on Jan 12, 2023.
             Engulfed by a cloud of steam (8 damage)
             ... on level 6 of the Dungeon.
             The game lasted 00:03:41 (2804 turns).

BigDaddyOpFi the Conjurer (Octopode Conjurer)       Turns: 2804, Time: 00:03:43

Health: -7/36      AC:  1    Str:  6    XL:     6   Next: 38%
Magic:  4/12       EV: 13    Int: 22    God:
Gold:   73         SH:  0    Dex: 11    Spells: 10/13 levels left

rFire   . . .      SeeInvis .   b - +3 dagger
rCold   . . .      Faith    .   (no shield)
rNeg    . . .      Spirit   .   (helmet restricted)
rPois   .          Reflect  .   (no amulet)
rElec   .          Harm     .   (no ring)
rCorr   .          Rampage  .   (no ring)
Will    .....                   (no ring)
Stlth   +++.......              (no ring)
HPRegen 0.12/turn               (no ring)
MPRegen 0.13/turn               (no ring)
                                (no ring)
                                (no ring)

@: no status effects
A: almost no armour, amphibious, 8 rings, camouflage 1, gelatinous body 1,
(nimble swimmer 1), tentacles
a: no special abilities


You were on level 6 of the Dungeon.
You visited 1 branch of the dungeon, and saw 4 of its levels.

You collected 73 gold pieces.

Inventory:

Hand Weapons
 b - a +3 dagger (weapon)
Scrolls
 o - a scroll of teleportation
Potions
 a - 2 potions of magic
 d - a potion of brilliance
 e - a potion of lignification {unknown}
 l - a potion of attraction {unknown}
 m - a potion of haste {unknown}
 n - 2 potions of flight


   Skills:
 - Level 2.0 Dodging
 - Level 2.6 Stealth
 + Level 4.4 Spellcasting
 + Level 6.0 Conjurations


You had 10 spell levels left.
You knew the following spells:

 Your Spells              Type           Power      Damage    Failure   Level
a - Magic Dart            Conj           100%       1d8       1%          1
b - Searing Ray           Conj           62%        2d6       1%          2

Your spell library contained the following spells:

 Spells                   Type           Power      Damage    Failure   Level
 Dazzling Flash           Conj/Hex       36%        N/A       10%         3
 Fulminant Prism          Conj/Hex       9%         3d7       30%         4
 Iskenderun's Mystic Bla  Conj/Tloc      18%        2d6       30%         4
 Call Canine Familiar     Summ           4%         N/A       32%         3
 Portal Projectile        Hex/Tloc       8%         N/A       32%         3
 Leda's Liquefaction      Hex/Erth       2%         N/A       71%         4


Dungeon Overview and Level Annotations

Branches:
Dungeon (3/15)

Altars:
Makhleb
Yredelemnul


Innate Abilities, Weirdness & Mutations

You cannot wear most types of armour.
You are amphibious.
You can wear up to eight rings at the same time.
Your skin changes colour to match your surroundings (Stealth+).
Your rubbery body absorbs attacks. (AC +1, EV +1)
((You are camouflaged when in or above water. (Stealth+)))
You have tentacles for arms and can constrict up to eight enemies at once.


Message History

The magic dart hits the steam dragon but does no damage.
The steam dragon is moderately wounded.
The steam dragon breathes steam at you. The ball of steam misses you.
Aiming: Magic Dart (safe; 1% risk of failure)
Press: ? - help, Q - select action, (/) - cycle Shift-Dir - straight line, f - you
Okay, then.
You are engulfed in a cloud of scalding steam.
Casting: Magic Dart (safe; 1% risk of failure)
Confirm with . or Enter, or press ? or * to list all spells.
Aiming: Searing Ray (safe; 1% risk of failure)
Press: ? - help, Shift-Dir - straight line, f/p - steam dragon
Aim: a steam dragon (steam, moderately wounded, 79% to hit)
The searing ray hits the steam dragon!
The steam dragon is severely wounded. (Press . to maintain the ray.)
The searing ray hits the steam dragon.
The steam dragon is severely wounded.
The searing ray hits the steam dragon.
The steam dragon is almost dead.
The steam dragon breathes steam at you. The ball of steam hits you!
* * * LOW HITPOINT WARNING * * *
You hear a shout!
Unknown command.
It was a potion of curing.
You feel better.
You are engulfed in a cloud of scalding steam.
* * * LOW HITPOINT WARNING * * *
The steam dragon breathes steam at you. The ball of steam misses you.
Casting: Searing Ray (safe; 1% risk of failure)
Confirm with . or Enter, or press ? or * to list all spells.
Aiming: Searing Ray (safe; 1% risk of failure)
Press: ? - help, Shift-Dir - straight line, f/p - steam dragon
Aim: a steam dragon (steam, almost dead, catching its breath, 79% to hit)
The searing ray hits the steam dragon.
You kill the steam dragon! (Press . to maintain the ray.)
You are engulfed in a cloud of scalding steam.
You die...

#.#
#.#
#.#
#.#
#.#
#.#
#.##
#§§#
##@#
#§#
#.#
#.#
#§#
#.#
#[#
..#


There were no monsters in sight!

Vanquished Creatures
  Sigmund (D:6)
  A steam dragon (D:6)
  An ogre (D:6)
  An adder (D:2)
  A dart slug (D:2)
  3 bats
  13 endoplasms
  A giant cockroach (D:3)
  5 goblins
  7 hobgoblins
  3 ball pythons
  2 frilled lizards
  A kobold (D:1)
  4 rats (D:1)
  A spectral kobold (D:1)
45 creatures vanquished.

Notes
Turn   | Place    | Note
-------+----------+-------------------------------------------
     0 | D:1      | BigDaddyOpFi the Octopode Conjurer began the quest for the
                  | Orb.
     0 | D:1      | Reached XP level 1. HP: 11/11 MP: 3/3
   225 | D:1      | Reached XP level 2. HP: 17/17 MP: 0/5
   357 | D:1      | Found a faded altar of an unknown god.
  1206 | D:2      | Reached XP level 3. HP: 21/21 MP: 3/6
  1255 | D:2      | Learned a level 2 spell: Searing Ray
  2439 | D:3      | Found a basalt altar of Yredelemnul.
  2450 | D:3      | Reached XP level 4. HP: 24/27 MP: 3/8
  2543 | D:3      | Found a burning altar of Makhleb.
  2548 | D:3      | You fall into a shaft and drop 3 floors!
  2586 | D:6      | Noticed an ogre
  2589 | D:6      | Noticed Sigmund
  2591 | D:6      | Killed an ogre
  2592 | D:6      | Reached skill level 5 in Conjurations
  2592 | D:6      | Reached XP level 5. HP: 21/31 MP: 4/10
  2595 | D:6      | Killed Sigmund
  2596 | D:6      | Reached skill level 6 in Conjurations
  2596 | D:6      | Reached XP level 6. HP: 13/36 MP: 1/12
  2793 | D:6      | Noticed a steam dragon
  2803 | D:6      | HP: 1/36 [steam dragon] (9)]
  2804 | D:6      | Killed a steam dragon
  2804 | D:6      | Engulfed by a cloud of steam

Illustrated notes

Levels and vault maps discovered:
D:1:      scummos_arrival_star, layout_loops_ring,
          dreamdust_ecumenical_altar_drowned_temple
D:2:      layout_loops_corners, corexii_hall_statues_x
D:3:      layout_rooms, yredelemnul_altar_generic, cheibrodos_ashenzari_chains,
          mainiacjoe_overflow_chevrons
D:6:      layout_loops_ring, fedhas_altar_4, minmay_temple_entry_slanted,
          uniq_sigmund, uniq_eustachio

Skill      XL: |  1  2  3  4  5 |
---------------+----------------+-----
Spellcasting   | 3 4 |  4.4
Conjurations   | 5 6 |  6.0
Dodging        | |  2.0
Stealth        | |  2.6

Action                   |  1- 3 |  4- 6 || total
-------------------------+-------+-------++-------
Melee: Dagger            |     7 |       ||     7
       Constrict         |     1 |       ||     1
 Cast: Magic Dart        |    78 |     8 ||    86
       Searing Ray       |     3 |     4 ||     7
  Use: Scroll            |       |     7 ||     7
       Potion            |       |     3 ||     3
Dodge: Dodged            |     4 |     5 ||     9
